 Dungeon Crawl Stone Soup version 0.32-a0-612-g1c984fe9d1 (webtiles) character file.

Game seed: 8234689495823750648

1321 CougarLife the Digger (level 8, -1/54 HPs)
             Began as a Gargoyle Earth Elementalist on Mar 4, 2024.
             Slain by a gnoll
             ... wielding a +0 spear
             ... led by a gnoll bouda
              (6 damage)
             ... on level 5 of the Dungeon.
             The game lasted 00:07:33 (5062 turns).

CougarLife the Digger (Gargoyle Earth Elementalist) Turns: 5062, Time: 00:07:34

Health: -1/54      AC: 28    Str: 10 (11) XL:     8   Next: 59%
Magic:  1/16       EV:  2    Int: 16 (19) God:
Gold:   107        SH:  0    Dex:  8 (10) Spells: 14/18 levels left

rFire   . . .        e - +0 dagger
rCold   . . .        (no shield)
rNeg    + . .        t - melded +2 robe {rC+}
rPois   ∞            j - melded +0 helmet
rElec   .            u - melded +0 cloak {Will+}
rCorr   .            (gloves currently unavailable)
SInv    .            (boots currently unavailable)
Will    .....        (no amulet)
Stlth   ++           o - +4 ring of protection
HPRegen 0.29/turn    (no ring)
MPRegen 0.15/turn

%: no passive effects
@: tree-form (expiring), weakened
A: stationary, stasis, torment immunity, boosted hp, sickness immunity, AC +5,
negative energy resistance 1, (electricity resistance), torment resistance 1,
petrification resistance, frail 1
a: no special abilities


You were on level 5 of the Dungeon.
You were a tree.
You visited 1 branch of the dungeon, and saw 5 of its levels.

You collected 257 gold pieces.
You spent 150 gold pieces at shops.

Inventory:

Hand Weapons
 e - a +0 dagger (weapon)
Armour
 j - a +0 helmet (melded)
 t - a +2 robe of cold resistance (melded)
 u - a +0 cloak of willpower (melded)
Jewellery
 o - a +4 ring of protection (left branch)
Wands
 a - a wand of polymorph (13)
 b - a wand of flame (27)
Scrolls
 f - 2 scrolls of noise
 h - a scroll of enchant armour {unknown}
 i - 3 scrolls of teleportation
 k - a scroll of summoning {unknown}
 l - 4 scrolls of identify
 n - a scroll of fog {unknown}
 p - a scroll of poison {unknown}
Potions
 c - a potion of attraction


   Skills:
 - Level 1.5 Dodging
 - Level 2.1 Stealth
 + Level 5.7 Spellcasting
 + Level 6.4 Conjurations
 + Level 7.8 Earth Magic


You had 14 spell levels left.
You knew the following spells:

 Your Spells              Type           Power      Damage    Failure   Level
a - Sandblast             Erth           58%        2d13      1%          1
b - Stone Arrow           Conj/Erth      54%        3d10      2%          3

Your spell library contained the following spells:

 Spells                   Type           Power      Damage    Failure   Level
 Passwall                 Erth           29%        N/A       1%          3
 Brom's Barrelling Bould  Conj/Erth      27%        2d5       8%          4
 Leda's Liquefaction      Alch/Erth      8%         N/A       28%         4
 Petrify                  Alch/Erth      17%        N/A       28%         4
 Frozen Ramparts          Ice            8%         1d2       38%         3
 Gell's Gravitas          Tloc           4%         N/A       38%         3
 Teleport Other           Tloc           4%         N/A       38%         3
 Metabolic Englaciation   Hex/Ice        2%         N/A       98%         5
 Dispersal                Tloc           2%         N/A       100%        6


Dungeon Overview and Level Annotations

Branches:
Dungeon (5/15)
 Temple: D:4-7

Altars:
Dithmenos
Gozag
Qazlal
Sif Muna
Uskayaw

Shops:
D:3 ?   D:5 *

Annotations:
D:3 3 runed translucent doors, Vadun's ghost, amateur DsMo


Innate Abilities, Weirdness & Mutations

You are a tree.
Your roots penetrate the ground, keeping you stationary.
You cannot be teleported.
You are immune to unholy pain and torment.
Your maximum health is greatly increased.
Your equipment is partially melded.
You are immune to sickness and miasma.
((Your stone body is resilient. (AC +5)))
You are immune to poison.
You resist negative energy. (rN+)
((You are resistant to electric shocks. (rElec)))
You are resistant to unholy torment.
You are immune to petrification.
You are frail. (-10% HP)


Message History

* * * LOW HITPOINT WARNING * * *
The ice beast hits you but does no damage.
The gnoll hits you with a +0 flail.
* * * LOW HITPOINT WARNING * * *
Casting: Sandblast (safe; 1% risk of failure)
Confirm with . or Enter, or press ? or * to list all spells.
You don't have enough magic to cast this spell.
Unknown command.
You barely miss the ice beast.
The ice beast is heavily wounded.
The gnoll bouda hits you with a +0 club.
* * * LOW HITPOINT WARNING * * *
The gnoll hits you but does no damage. x2
The ice beast hits you but does no damage.
The gnoll hits you but does no damage.
You hit the ice beast but do no damage.
The ice beast is heavily wounded.
Your transformation is almost over.
The gnoll bouda gazes fiercely through you!
You feel your attacks grow feeble.
The gnoll bouda hits you with a +0 club.
* * * LOW HITPOINT WARNING * * *
The gnoll hits you from afar with a +0 spear.
* * * LOW HITPOINT WARNING * * *
The gnoll hits you but does no damage.
The ice beast hits you but does no damage.
The gnoll hits you but does no damage.
You closely miss the ice beast.
The ice beast is heavily wounded.
The gnoll bouda hits you but does no damage.
The gnoll hits you but does no damage.
The ice beast hits you but does no damage.
The gnoll barely misses you. The gnoll hits you but does no damage.
You hit the ice beast.
The ice beast is heavily wounded.
You hear the quick hiss of a very distant avalanche of sand.
The gnoll bouda hits you with a +0 club.
* * * LOW HITPOINT WARNING * * *
The gnoll hits you from afar with a +0 spear.
You die...

#........###### #....#
#...........[.# #....#
#####.).......# #....#
#.........# #....#
#.........# #....#
#.........#######....###
#.....)gg..........)....
#.....gY................
#.....g♣................
#....###+#..............
#....# #.......####'##
#.... ######+##...)..
#.... ..........# #..
..........# ...........
........... #..##.....#


You could see an ice beast, a gnoll bouda and 3 gnolls.

Vanquished Creatures
  Duvessa (D:4)
  3 ogres (D:5)
  A phantom (D:4)
  A gnoll sergeant (D:5)
  A scorpion (D:5)
  Dowan (D:4)
  4 killer bees (D:4)
  3 hounds
  An orc priest (D:4)
  A bombardier beetle (D:4)
  A jelly (D:5)
  Crazy Yiuf (D:4)
  A gnoll bouda (D:5)
  2 iguanas (D:5)
  2 orc wizards
  7 gnolls (D:5)
  3 adders
  4 dart slugs
  2 ribbon worms
  17 orcs
  11 ball pythons
  8 endoplasms
  3 giant cockroaches
  10 goblins
  10 hobgoblins
  5 jackals (D:3)
  4 quokkas
  6 bats
  6 frilled lizards
  9 kobolds
  3 rats
132 creatures vanquished.

Notes
Turn   | Place    | Note
-------+----------+-------------------------------------------
     0 | D:1      | CougarLife the Gargoyle Earth Elementalist began the quest
                  | for the Orb.
     0 | D:1      | Reached XP level 1. HP: 10/10 MP: 3/3
   137 | D:1      | Reached XP level 2. HP: 9/15 MP: 1/5
   335 | D:1      | Reached skill level 4 in Earth Magic
   616 | D:1      | Reached XP level 3. HP: 19/19 MP: 4/6
   683 | D:1      | You fall into a shaft and drop 1 floor!
  1254 | D:1      | Reached XP level 4. HP: 24/24 MP: 6/8
  1658 | D:2      | Found a shimmering blue altar of Sif Muna.
  2174 | D:3      | Found a runed translucent gate.
  2174 | D:3      | Found a runed translucent gate.
  2174 | D:3      | Found a runed translucent gate.
  2174 | D:3      | Noticed Vadun's ghost (amateur DsMo)
  2210 | D:3      | Reached XP level 5. HP: 28/28 MP: 2/9
  2458 | D:3      | Learned a level 3 spell: Stone Arrow
  2708 | D:3      | Reached skill level 5 in Earth Magic
  2970 | D:3      | Found Puoll's Magic Scroll Shoppe.
  2973 | D:3      | Bought a scroll of identify for 20 gold pieces
  2973 | D:3      | Bought a scroll of identify for 20 gold pieces
  2973 | D:3      | Bought a scroll of identify for 20 gold pieces
  2976 | D:3      | Bought 3 scrolls of teleportation for 90 gold pieces
  3226 | D:4      | Reached XP level 6. HP: 24/32 MP: 7/11
  3588 | D:4      | Found a runed translucent door.
  3589 | D:4      | Noticed Crazy Yiuf
  3614 | D:4      | Reached skill level 6 in Earth Magic
  3614 | D:4      | Reached XP level 7. HP: 32/36 MP: 2/13
  3733 | D:4      | Found a shadowy altar of Dithmenos.
  3739 | D:4      | Found a hide-covered altar of Uskayaw.
  3740 | D:4      | Found an opulent altar of Gozag.
  3802 | D:4      | Found a stormy altar of Qazlal.
  4015 | D:4      | Noticed Dowan
  4016 | D:4      | Noticed Duvessa
  4313 | D:4      | Killed Duvessa
  4314 | D:4      | Reached skill level 5 in Conjurations
  4315 | D:4      | Killed Dowan
  4539 | D:4      | Killed Crazy Yiuf
  4619 | D:5      | Entered Level 5 of the Dungeon
  4622 | D:5      | Reached skill level 5 in Spellcasting
  4626 | D:5      | Reached skill level 7 in Earth Magic
  4626 | D:5      | Reached XP level 8. HP: 40/41 MP: 6/15
  5010 | D:5      | Found Amorupa's Assorted Antiques.
  5055 | D:5      | Gained mutation: You are frail. (-10% HP) [potion of
                  | mutation]
  5055 | D:5      | Gained mutation: You are weak. (Str -2) [potion of
                  | mutation]
  5055 | D:5      | Lost mutation: You are weak. (Str -2) [potion of mutation]
  5062 | D:5      | Slain by a gnoll

Illustrated notes

Levels and vault maps discovered:
D:1:      dpeg_arrival_pits, layout_loops_ring, minmay_hexomino_u4
D:2:      layout_loops_ring, basic_altar
D:3:      layout_loops_cross, gammafunk_ghost_necromancy, serial_shops,
          nicolae_shop_rolled_up, minmay_misc_feat_alley,
          nicolae_elevator_lobby_asterisk
D:4:      minmay_angry_zag, layout_rooms, nicolae_qazlal_general_emergency,
          minitemple, serial_rivers, chequers_serial_rivers_marsh,
          chequers_serial_rivers_room_b, chequers_serial_rivers_marsh,
          chequers_serial_rivers_micro_a, chequers_serial_rivers_micro_a,
          uniq_crazy_yiuf_cottage, uniq_duvessa
D:5:      layout_gridville, nicolae_ossuary_entry_catacombs, serial_shops, shop,
          st_stairs_8

Skill      XL: |  1  2  3  4  5  6  7  8 |
---------------+-------------------------+-----
Earth Magic    | 4 5 6 7 |  7.8
Conjurations   | 2 3 4 5 6 |  6.4
Spellcasting   | 3 4 5 |  5.7
Dodging        | |  1.5
Stealth        | |  2.1

Action                     |  1- 3 |  4- 6 |  7- 9 || total
---------------------------+-------+-------+-------++-------
  Melee: Dagger            |     5 |     8 |    10 ||    23
   Cast: Sandblast         |    56 |    95 |    57 ||   208
         Stone Arrow       |       |     2 |    21 ||    23
    Use: Scroll            |       |     3 |     1 ||     4
         Potion            |       |       |     8 ||     8
 Armour: Robe              |     5 |    76 |    56 ||   137
         Skin              |       |       |   119 ||   119
  Dodge: Dodged            |    17 |    53 |    66 ||   136

Table legend: (Time is in decaauts)
 A = Elapsed time spent in this place.
 B = Non-inter-level travel time spent in this place.
 C = Inter-level travel time spent in this place.
 D = Time resting spent in this place.
 E = Time spent auto-exploring this place.
 F = Levels seen in this place.
 G = Mean time per level.
                   A        B        C        D        E       F      G
               +--------+--------+--------+--------+--------+-----+--------+
         Total |   5154 |   5046 |    108 |    381 |   3529 |   5 | 1030.8 |
       Dungeon |   5154 |   5046 |    108 |    381 |   3529 |   5 | 1030.8 |
               +--------+--------+--------+--------+--------+-----+--------+

Top non-repeatable levels by time:
     D:3: 1308 daAuts
     D:4: 1294 daAuts
     D:2: 1067 daAuts
     D:1: 1027 daAuts
     D:5: 456 daAuts
